 Dungeon Crawl Stone Soup version 0.30-a0-585-g93115170b9 (webtiles) character file.

Game seed: 8193966570095204763

3070 vineage the Fighter (level 9, -1/62 HPs)
             Began as a Gargoyle Fighter on Jan 2, 2023.
             Was a Priest of Okawaru.
             Killed by divine providence
             ... invoked by an orc priest
              (12 damage)
             ... on level 7 of the Dungeon.
             The game lasted 00:05:13 (5484 turns).

vineage the Fighter (Gargoyle Fighter)              Turns: 5484, Time: 00:05:14

Health: -1/62      AC: 29    Str: 23    XL:     9   Next: 88%
Magic:  9/9        EV:  9    Int: 10    God:    Okawaru [***...]
Gold:   306        SH:  7    Dex: 13    Spells: 8/8 levels left

rFire   . . .      SeeInvis .    a - +0 flail (spect)
rCold   . . .      Faith    .    c - +0 buckler
rNeg    + . .      Spirit   .    p - +0 plate armour
rPois   ∞          Reflect  .    o - +2 hat
rElec   +          Harm     .    m - +0 cloak
rCorr   .          Rampage  .    y - +0 pair of gloves
Will    .....                    r - +1 pair of boots of the Sun {Dex+4} Stlth
                                 e - amulet of magic regeneration
HPRegen 0.30/turn                (no ring)
MPRegen 0.51/turn                (no ring)

@: heroic
A: sickness immunity, AC +6, negative energy resistance 1, electricity
resistance, torment resistance 1, petrification resistance
a: Renounce Religion, Heroism


You were on level 7 of the Dungeon.
You worshipped Okawaru.
Okawaru was most pleased with you.
You visited 2 branches of the dungeon, and saw 8 of its levels.

You collected 306 gold pieces.

Inventory:

Hand Weapons
 a - a +0 spectral flail (weapon)
Armour
 c - a +0 buckler (worn)
 m - a +0 cloak (worn)
 o - a +2 hat (worn)
 p - a +0 plate armour (worn)
 r - the +1 pair of boots of the Sun (worn) {Dex+4}
   (You found it on level 5 of the Dungeon)

   Dex:       It affects your dexterity (+4).
 y - a +0 pair of gloves (worn)
Jewellery
 e - an amulet of magic regeneration (around neck)
Wands
 f - a wand of polymorph (9)
 u - a wand of mindburst (17)
 C - a wand of light (8)
Scrolls
 b - a scroll of poison
 d - 3 scrolls of magic mapping {unknown}
 g - a scroll of immolation
 n - a scroll of enchant weapon
 v - a scroll of enchant armour
 z - 2 scrolls of blinking
 B - 2 scrolls of identify
Potions
 h - 2 potions of resistance
 i - a potion of attraction
 j - a potion of cancellation
 k - 2 potions of lignification
 l - 2 potions of curing
 q - a potion of ambrosia {unknown}
 s - a potion of invisibility
 t - a potion of degeneration {unknown}
 w - a potion of magic {unknown}
 x - a potion of mutation {unknown}
 A - a potion of brilliance {unknown}


   Skills:
 * Level 9.9(14.9) Fighting
 + Level 6.2(11.2) Maces & Flails
 + Level 7.4(12.4) Armour
 + Level 7.4(12.4) Shields


You had 8 spell levels left.
You didn't know any spells.
Your spell library contained the following spells:

 Spells                   Type           Power      Damage    Failure   Level
 Beastly Appendage        Tmut           0%         N/A       99%         1
 Magic Dart               Conj           0%         1d3       99%         1
 Searing Ray              Conj           0%         2d4       100%        2
 Wereblood                Tmut           0%         N/A       100%        2
 Ignite Poison            Fire/Tmut/Pois 0%         N/A       100%        3
 Portal Projectile        Hex/Tloc       0%         N/A       100%        3
 Spider Form              Tmut/Pois      0%         N/A       100%        3
 Fulminant Prism          Conj/Hex       0%         3d5       100%        4
 Leda's Liquefaction      Hex/Erth       0%         N/A       100%        4
 Sticky Flame             Conj/Fire      0%         2d3       100%        4
 Ignition                 Fire           0%         3d3       100%        8
 Call Canine Familiar     Summ           Unusable   N/A       N/A         3

Dungeon Overview and Level Annotations

Branches:
Dungeon (7/15)             Temple (1/1) D:5

Altars:
Ashenzari
Dithmenos
Elyvilon
Fedhas
Gozag
Makhleb
Nemelex Xobeh
Okawaru
Qazlal
Ru
Sif Muna
Uskayaw
Yredelemnul
The Shining One

Shops:
D:3 :


Innate Abilities, Weirdness & Mutations

You are immune to sickness and miasma.
Your stone body is resilient. (AC +6)
You are immune to poison.
You resist negative energy. (rN+)
You are resistant to electric shocks. (rElec)
You are resistant to unholy torment.
You are immune to petrification.


Message History

You are too injured to fight recklessly!
You are too injured to fight recklessly!
You are too injured to fight recklessly!
You are too injured to fight recklessly!
You are too injured to fight recklessly!
Okay, then.
You gain the combat prowess of a mighty hero.
The orc priest casts a cantrip, but nothing happens.
The orc priest calls down the wrath of Beogh upon you.
Pain shoots through your body!
* * * LOW HITPOINT WARNING * * *
You block the orc warrior's attack.
You sock the orc priest!
The orc priest is heavily wounded.
Your +0 spectral flail closely misses the orc priest.
You closely miss the orc priest.
The orc priest is heavily wounded.
Your +0 spectral flail hits the orc priest.
The orc priest closely misses your +0 spectral flail.
The orc priest looks satisfied for a moment.
The orc warrior hits you from afar with a +0 halberd.
* * * LOW HITPOINT WARNING * * *
You catch the helpless orc priest completely off-guard!
You hit the orc priest.
You kill the orc priest!
Okawaru accepts your kill.
The orc warrior unwields a +0 halberd.
The orc warrior wields a +0 arbalest.
The orc warrior shoots a bolt.
The bolt hits you but does no damage.
The orc warrior unwields a +0 arbalest.
The orc warrior wields a +0 halberd.
The orc warrior barely misses you.
Things that are here:
a +0 flail; a +0 scale mail; an orc corpse You hit the orc warrior but do no damage.
Your +0 spectral flail barely misses the orc warrior.
The orc warrior barely misses your +0 spectral flail.
You completely miss the orc warrior.
Your +0 spectral flail closely misses the orc warrior.
The orc priest calls down the wrath of Beogh upon you.
Beogh smites you!
You die...

......###.##.####
.............#..#
.......###>.....#
.......#
#......##
##.....#
#.......##
###...#
#........## ##.#
#.........##
#.......)..##
##.....@(...#
#.....#o##.#...
.......#oo .##.#
.....###... . .
#... ....... ###
...###.# ...#
#####


You could see an orc warrior, an orc priest, an orc wizard and a friendly +0
spectral flail (summoned).

Vanquished Creatures
  The ghost of tilp the Slasher, a novice MeFi (D:6)
  6 yaks (D:6)
  2 water moccasins
  2 ice beasts
  A sky beast (D:6)
  An ogre (D:7)
  A black bear (D:6)
  A centaur (D:5)
  2 bullfrogs
  A scorpion (D:4)
  A howler monkey (D:6)
  8 hounds
  3 jellies
  2 orc priests
  3 iguanas
  2 orc wizards
  5 adders
  4 gnolls (D:6)
  A white imp (D:5)
  A worm (D:3)
  3 dart slugs
  24 orcs
  2 bats
  11 endoplasms
  4 giant cockroaches
  5 goblins
  8 hobgoblins
  5 jackals
  4 quokkas
  4 ball pythons
  A frilled lizard (D:2)
  4 kobolds
  7 rats
130 creatures vanquished.

Notes
Turn   | Place    | Note
-------+----------+-------------------------------------------
     0 | D:1      | vineage the Gargoyle Fighter began the quest for the Orb.
     0 | D:1      | Reached XP level 1. HP: 14/14 MP: 1/1
   194 | D:1      | Reached XP level 2. HP: 19/19 MP: 2/2
   690 | D:1      | Reached XP level 3. HP: 22/24 MP: 3/3
  1059 | D:2      | Found a glowing golden altar of the Shining One.
  1065 | D:2      | Reached skill level 4 in Fighting
  1493 | D:3      | Found a faded altar of an unknown god.
  1523 | D:3      | Reached XP level 4. HP: 25/29 MP: 4/4
  1728 | D:3      | Found Fissuul's Book Boutique.
  2176 | D:4      | Noticed a scorpion
  2201 | D:4      | Killed a scorpion
  2202 | D:4      | Reached XP level 5. HP: 32/34 MP: 5/5
  2381 | D:4      | Reached skill level 5 in Fighting
  2524 | D:5      | Entered Level 5 of the Dungeon
  2537 | D:5      | Identified the +1 pair of boots of the Sun {Dex+4}
  2571 | D:5      | Noticed an ice beast
  2575 | D:5      | Killed an ice beast
  2576 | D:5      | Reached XP level 6. HP: 12/40 MP: 6/6
  2776 | D:5      | Found a staircase to the Ecumenical Temple.
  2793 | Temple   | Entered the Ecumenical Temple
  2974 | Temple   | Became a worshipper of Warmaster Okawaru
  3064 | D:5      | Reached XP level 7. HP: 45/45 MP: 7/7
  3141 | D:5      | Reached skill level 6 in Fighting
  3293 | D:5      | Reached skill level 5 in Armour
  3419 | D:5      | Found a sparkling altar of Nemelex Xobeh.
  3531 | D:6      | Reached skill level 5 in Shields
  3654 | D:6      | Found a runed translucent door.
  3665 | D:6      | Noticed tilp's ghost (novice MeFi)
  3671 | D:6      | Reached * piety under Okawaru
  3740 | D:6      | Reached XP level 8. HP: 52/52 MP: 8/8
  3791 | D:6      | Reached skill level 7 in Fighting
  4204 | D:6      | Noticed a yak
  4204 | D:6      | Noticed a yak
  4205 | D:6      | Noticed a yak
  4205 | D:6      | Noticed a yak
  4206 | D:6      | Noticed a yak
  4207 | D:6      | Noticed a yak
  4235 | D:6      | Killed a yak
  4239 | D:6      | Killed a yak
  4239 | D:6      | Reached ** piety under Okawaru
  4240 | D:6      | Reached skill level 8 in Fighting
  4240 | D:6      | Reached skill level 5 in Maces & Flails
  4308 | D:6      | Killed a yak
  4726 | D:6      | Reached XP level 9. HP: 60/60 MP: 9/9
  4839 | D:6      | Reached skill level 9 in Fighting
  5023 | D:6      | Killed tilp's ghost
  5023 | D:6      | Reached *** piety under Okawaru
  5484 | D:7      | Killed from afar by an orc priest

Illustrated notes

Levels and vault maps discovered:
D:1:      wander_arrival_lonely_grave, layout_loops_corners
D:2:      layout_rooms, basic_altar
D:3:      layout_rooms, serial_shops, nicolae_diamond_shop,
          hellmonk_ecumenical_altar_crossroads
D:4:      layout_loops_ring, hex_large
D:5:      minmay_general_purpose_star, layout_cave_pools,
          nemelex_diamond_rough_becter, minmay_temple_entry_ruins
D:6:      cheibrodos_quashed, layout_loops_corners, ebering_ghost_sewer_d
D:7:      kennysheep_big_flooded_room, layout_cave_pools, serial_park_tiny_pond,
          bh_walls_and_bars
Temple:   hellmonk_temple_flake

Skill      XL: |  1  2  3  4  5  6  7  8  9 |
---------------+----------------------------+-----
Fighting       | 4 5 6 8 9 |  9.9
Armour         | 4 5 6 7 |  7.4
Maces & Flails | 3 4 5 6 |  6.2
Shields        | 4 5 6 7 |  7.4

Action                   |  1- 3 |  4- 6 |  7- 9 || total
-------------------------+-------+-------+-------++-------
Melee: Flail             |   131 |    77 |   255 ||   463
Invok: Heroism           |       |       |     4 ||     4
  Use: Scroll            |     8 |     4 |     4 ||    16
       Potion            |       |       |     3 ||     3
 Stab: Invisible         |       |       |     2 ||     2
       Distracted        |       |       |     2 ||     2
Armor: Scale mail        |    58 |    11 |       ||    69
       Plate armour      |       |    27 |   164 ||   191
Dodge: Dodged            |    63 |    27 |    74 ||   164
Block: Buckler           |    29 |    13 |    52 ||    94

Table legend: (Time is in decaauts)
 A = Elapsed time spent in this place.
 B = Non-inter-level travel time spent in this place.
 C = Inter-level travel time spent in this place.
 D = Time resting spent in this place.
 E = Time spent auto-exploring this place.
 F = Levels seen in this place.
 G = Mean time per level.
                   A        B        C        D        E       F      G
               +--------+--------+--------+--------+--------+-----+--------+
         Total |   5598 |   5385 |    213 |    250 |   4057 |   8 |  699.8 |
       Dungeon |   5407 |   5220 |    187 |    250 |   3906 |   7 |  772.4 |
        Temple |    190 |    164 |     26 |      0 |    151 |   1 |  190.0 |
               +--------+--------+--------+--------+--------+-----+--------+

Top non-repeatable levels by time:
     D:6: 1758 daAuts
     D:1: 1009 daAuts
     D:5: 781 daAuts
     D:4: 665 daAuts
     D:2: 461 daAuts
     D:3: 444 daAuts
     D:7: 287 daAuts
  Temple: 190 daAuts
